 Dungeon Crawl Stone Soup version 0.17.2-1-ge4368a0 (webtiles) character file.

2181 Goblin1989 the Cleaver (level 9, -7/64 HPs)
             Began as a Demonspawn Artificer on Dec 20, 2016.
             Mangled by an orc warrior
             ... wielding a +0 flail
              (13 damage)
             ... on level 6 of the Dungeon.
             The game lasted 00:21:54 (8101 turns).

Goblin1989 the Cleaver (Demonspawn Artificer)       Turns: 8101, Time: 00:21:54

Health: -7/64      AC: 10    Str: 14    XL:     9   Next: 11%
Magic:  11/11      EV: 10    Int: 15    God:
Gold:   337        SH:  0    Dex: 13    Spells: 0 memorised, 8 levels left

rFire  x . .     SeeInvis .     a - +2 hand axe (flame)
rCold  + . .     Clarity  .     D - +0 ring mail (curse)
rNeg   . . .     SustAt   .     (no shield)
rPois  .         Gourm    .     (helmet unavailable)
rElec  .         Spirit   .     (no cloak)
rCorr  .         Warding  .     F - +0 pair of gloves
rMut   .         Stasis   .     j - +0 pair of boots
MR     .....                    (no amulet)
Stlth  ++........               (no ring)
                                h - ring of ice

@: not resistant to hostile enchantments, unstealthy
A: horns 3, icy blue scales 2, demonic guardian 1, nightstalker 1
a: no special abilities


You were on level 6 of the Dungeon.
You were not hungry.

You visited 1 branch of the dungeon, and saw 7 of its levels.

You collected 337 gold pieces.

Inventory:

Hand Weapons
 a - a +2 hand axe of flaming (weapon)
 w - a +0 blowgun {@w1}
Missiles
 s - 6 poisoned needles
 Z - a throwing net (quivered) {=f, !d}
Armour
 j - a +0 pair of boots (worn)
 D - a cursed +0 ring mail (worn)
 F - a +0 pair of gloves (worn)
 I - a +0 plate armour
Jewellery
 h - a ring of ice (left hand)
Wands
 c - a wand of flame (15)
 e - a wand of random effects (15)
 B - a wand of magic darts (15)
 E - a wand of enslavement (15)
Scrolls
 d - 2 scrolls of teleportation {unknown}
 g - a scroll of recharging {unknown}
 i - 2 scrolls of magic mapping {unknown}
 k - 2 scrolls of immolation {unknown}
 m - a scroll of fog {unknown}
 n - 4 scrolls of remove curse {unknown}
 p - a scroll of random uselessness {unknown}
 q - 2 scrolls of fear {unknown}
 u - a scroll of amnesia {unknown}
 y - a scroll of identify {unknown}
 A - a scroll of enchant armour {unknown}
 G - a scroll of noise {unknown}
Potions
 b - a potion of curing {@q1}
 o - 2 potions of flight {unknown}
 r - a potion of resistance {unknown}
 t - 2 potions of lignification {unknown}
 v - 2 potions of brilliance {unknown}
 x - a potion of ambrosia {unknown}
 z - a potion of heal wounds {unknown}
 C - a potion of might {unknown}
 H - a potion of mutation {unknown}
Comestibles
 f - 2 bread rations {@e1}
 l - 3 meat rations {@e2}
 J - 4 chunks of flesh {@w0}


   Skills:
 + Level 3.5 Fighting
   Level 0.8 Short Blades
 * Level 10.3 Axes
 + Level 1.0 Armour
 + Level 2.2 Dodging
 - Level 0.8 Stealth
 - Level 3.0 Evocations


You had 8 spell levels left.
You didn't know any spells.

Dungeon Overview and Level Annotations

Branches:
Dungeon (7/15)
 Temple: D:4-7

Altars:
Elyvilon
Fedhas
Okawaru
Qazlal
Sif Muna
Trog
Vehumet
Xom
Yredelemnul

Annotations:
D:4 1 exclusion


Innate Abilities, Weirdness & Mutations

You have a pair of large horns on your head.
You are mostly covered in icy blue scales (AC +3, EV -1).
A weak demonic guardian rushes to your aid.
You are slightly more attuned to the shadows.


Message History

The orc warrior is heavily wounded.
The gnoll closely misses you.
You slash the gnoll! You burn the gnoll.
You kill the gnoll!
You completely miss the orc warrior.
The orc warrior is heavily wounded.
The orc warrior hits you with a flail!
* * * LOW HITPOINT WARNING * * *
You take 16 damage, and have 17/64 hp.
MASSIVE DAMAGE!!
You completely miss the orc warrior.
The orc warrior is heavily wounded.
The orc warrior hits you with a flail!
* * * LOW HITPOINT WARNING * * *
You take 11 damage, and have 6/64 hp.
You slash the orc warrior! You burn the orc warrior.
The orc warrior is almost dead.
You closely miss the orc warrior.
The orc warrior is almost dead.
The orc warrior hits you with a flail!
You die...

.......███████.█
.██..█.█ █.█
............█.█
█.█ █.█...
....██.█ ...
...[.. .███ █.█
███ .....
.█████.██ █...
........█
█..o███████..███
█..)@).........█
█...█†████$...!..█
.. ... █.)...$.█
..... █.)))...█
...... █.......▲
...... █.......█
...... █.......█
█.......█


█████████ You could see an orc warrior.

Vanquished Creatures
  The ghost of dscm the Ducker, a novice OpEE of Cheibriados (D:6)
  The ghost of dscm the Ducker, an amateur OpEE of Cheibriados (D:5)
  A hippogriff (D:6)
  2 centaurs
  A phantom (D:7)
  An ogre (D:4)
  4 giant frogs
  2 scorpions
  2 hounds
  A crimson imp (D:6)
  A centaur zombie (D:5)
  3 orc priests
  4 orc wizards
  A giant frog skeleton (D:4)
  5 worker ants
  An iguana (D:6)
  A hound zombie (D:7)
  Robin (D:3)
  5 adders
  14 gnolls
  A shadow imp (D:7)
  3 oozes
  5 worms
  24 orcs
  10 bats
  7 giant cockroaches
  21 goblins
  7 hobgoblins
  5 jackals
  3 quokkas
  2 ball pythons (D:1)
  8 giant geckos
  6 giant newts
  A jackal skeleton (D:4)
  10 kobolds
  A quokka skeleton (D:5)
  13 rats
179 creatures vanquished.

Vanquished Creatures (collateral kills)
  A sky beast (D:5)
  An ogre (D:4)
  An orc priest (D:5)
  A hound (D:5)
  An orc wizard (D:4)
  An orc (D:7)
  A quokka (D:5)
  A rat (D:4)
8 creatures vanquished.

Vanquished Creatures (others)
  A hound skeleton (D:4)
1 creature vanquished.

Grand Total: 188 creatures vanquished

Notes
Turn   | Place    | Note
--------------------------------------------------------------
     0 | D:1      | Goblin1989 the Demonspawn Artificer began the quest for the Orb.
     0 | D:1      | Reached XP level 1. HP: 15/15 MP: 3/3
   185 | D:1      | Gained mutation: You are partially covered in icy blue scales (AC +1). [demonic ancestry]
   185 | D:1      | Reached XP level 2. HP: 19/22 MP: 4/4
   548 | D:1      | Reached XP level 3. HP: 19/29 MP: 5/5
  1115 | D:2      | Reached skill level 1 in Axes
  1345 | D:2      | Found a blossoming altar of Fedhas.
  1430 | D:2      | Found a radiant altar of Vehumet.
  1447 | D:2      | Gained mutation: You are slightly more attuned to the shadows. [demonic ancestry]
  1447 | D:2      | Reached XP level 4. HP: 33/35 MP: 6/6
  2185 | D:3      | Found a basalt altar of Yredelemnul.
  2207 | D:3      | Found a stormy altar of Qazlal.
  2574 | D:3      | Noticed Robin
  2608 | D:3      | Killed Robin
  2708 | D:3      | Found a white marble altar of Elyvilon.
  3109 | D:3      | Gained mutation: A weak demonic guardian rushes to your aid. [demonic ancestry]
  3109 | D:3      | Reached XP level 5. HP: 41/41 MP: 7/7
  3229 | D:3      | Noticed a giant frog
  3469 | D:3      | Reached skill level 4 in Axes
  3477 | D:3      | Killed a giant frog
  3477 | D:3      | Gained mutation: You are mostly covered in icy blue scales (AC +3, EV -1). [demonic ancestry]
  3477 | D:3      | Reached XP level 6. HP: 14/47 MP: 8/8
  4050 | D:4      | Reached skill level 5 in Axes
  4652 | D:4      | Noticed an ogre
  4655 | D:4      | Noticed an ogre
  4670 | D:4      | Killed an ogre
  4699 | D:4      | Killed an ogre
  4699 | D:4      | Reached skill level 6 in Axes
  4699 | D:4      | Gained mutation: You have a pair of small horns on your head. [demonic ancestry]
  4699 | D:4      | Reached XP level 7. HP: 24/52 MP: 9/9
  5418 | D:4      | Noticed a moth of wrath
  5469 | D:4      | Reached skill level 7 in Axes
  5476 | D:4      | Found an iron altar of Okawaru.
  5655 | D:4      | Found a bloodstained altar of Trog.
  5814 | D:5      | Entered Level 5 of the Dungeon
  6194 | D:5      | Noticed dscm's ghost (amateur OpEE)
  6398 | D:5      | Killed dscm's ghost
  6398 | D:5      | Reached skill level 8 in Axes
  6398 | D:5      | Gained mutation: You have a pair of horns on your head. [demonic ancestry]
  6398 | D:5      | Reached XP level 8. HP: 50/58 MP: 10/10
  6476 | D:5      | Found a deep blue altar of Sif Muna.
  6638 | D:5      | Found a shimmering altar of Xom.
  6876 | D:6      | Noticed dscm's ghost (novice OpEE)
  6925 | D:6      | Killed dscm's ghost
  6925 | D:6      | Reached skill level 9 in Axes
  7448 | D:7      | Reached skill level 10 in Axes
  7786 | D:7      | Gained mutation: You have a pair of large horns on your head. [demonic ancestry]
  7786 | D:7      | Reached XP level 9. HP: 61/64 MP: 11/11
  8062 | D:6      | Reached skill level 1 in Armour
  8101 | D:6      | Mangled by an orc warrior

Action                   |  1- 3 |  4- 6 |  7- 9 || total
-------------------------+-------+-------+-------++-------
Melee: Short sword       |    83 |       |       ||    83
       Hand axe          |    59 |   211 |   268 ||   538
 Fire: Blowgun           |       |     1 |       ||     1
  Use: Potion            |     1 |       |     1 ||     2
 Stab: Sleeping          |     1 |     7 |     2 ||    10
       Distracted        |       |     4 |       ||     4
  Eat: Chunk             |     2 |    10 |     7 ||    19
       Pizza             |       |       |     1 ||     1
       Meat ration       |       |       |     1 ||     1

Vault maps used:
D:1:      erik_arrival_blinker_ship
D:2:      lemuel_crystal_altar, vehumet_crystals, grunt_decor_clamped
D:3:      old_standard_altar, elyvilon_altar_1, yredelemnul_altar_generic,
          uniq_robin
D:4:      wad_river_or_something, okawaru_altar_gauntlet_db, tgw_trog,
          first_bread
D:5:      overflow_temple_1_default, lemuel_round_altar
D:6:      nemelex_deck, bloody_makhleb, old_standard_altar, uniq_eustachio,
          uniq_menkaure
D:7:      minmay_temple_entry_from_below_a, uniq_pikel
